 Dungeon Crawl Stone Soup version 0.26.0-20-g3ca415f5b8 (webtiles) character file.

Game seed: 11385859419828336254

765 kaeus the Skirmisher (level 7, -5/56 HPs)
             Began as a Demonspawn Fighter on Jan 25, 2021.
             Slain by an ogre
             ... wielding a +0 giant club
              (13 damage)
             ... on level 4 of the Dungeon.
             The game lasted 00:05:12 (6027 turns).

kaeus the Skirmisher (Demonspawn Fighter)           Turns: 6027, Time: 00:05:13

Health: -5/56      AC:  8    Str: 19    XL:     7   Next: 51%
Magic:  7/7        EV:  7    Int:  9    God:
Gold:   195        SH:  0    Dex: 12    Spells: 6/6 levels left

rFire    + . .     SeeInvis .   a - +0 war axe
rCold    + . .     Faith    .   c - +0 kite shield
rNeg     . . .     Spirit   .   b - +0 scale mail
rPois    .         Reflect  .   u - +0 helmet
rElec    .         Harm     .   n - scarf {rC+ rF+}
rCorr    .         Rampage  .   (no gloves)
Will     .....                  (no boots)
Stlth    ..........             (no amulet)
HPRegen  0.18/turn              (no ring)
MPRegen  0.10/turn              (no ring)

@: confused, mighty
A: claws 1, powered by pain 1
a: no special abilities


You were on level 4 of the Dungeon.
You visited 1 branch of the dungeon, and saw 4 of its levels.

You collected 195 gold pieces.

Inventory:

Hand Weapons
 a - a +0 war axe (weapon)
Armour
 b - a +0 scale mail (worn)
 c - a +0 kite shield (worn)
 n - a scarf of resistance (worn)
 u - a +0 helmet (worn)
Magical Staves
 x - an uncursed staff of fire
Wands
 r - a wand of polymorph (6)
Scrolls
 e - a scroll of enchant armour {unknown}
 f - 3 scrolls of remove curse {unknown}
 h - a scroll of magic mapping {unknown}
 k - 5 scrolls of teleportation {unknown}
 m - 2 scrolls of amnesia {unknown}
 o - a scroll of fog {unknown}
 q - a scroll of enchant weapon {unknown}
 t - 2 scrolls of identify {unknown}
Potions
 d - a potion of might
 g - 3 potions of mutation {unknown}
 i - a potion of curing {unknown}
 j - 2 potions of ambrosia
 l - a potion of cancellation {unknown}
 s - 2 potions of flight {unknown}
 v - a potion of invisibility {unknown}


   Skills:
 + Level 5.1 Fighting
 + Level 4.1 Axes
 + Level 4.6 Armour
 + Level 4.7 Shields


You had 6 spell levels left.
You didn't know any spells.
Your spell library contained the following spells:

 Spells                   Type           Power        Failure   Level
 Beastly Appendage        Tmut           0%           99%         1
 Wereblood                Tmut           0%           100%        2
 Spider Form              Tmut/Pois      0%           100%        3
 Ice Form                 Ice/Tmut       0%           100%        4
 Blade Hands              Tmut           0%           100%        5


Dungeon Overview and Level Annotations

Branches:
Dungeon (4/15)
 Temple: D:4-7

Altars:
Uskayaw
Xom
Yredelemnul
Zin


Innate Abilities, Weirdness & Mutations

You have sharp fingernails.
You sometimes gain a little power by taking damage.


Message History

You hit the giant cockroach.
You kill the giant cockroach!
You block the ogre's attack.
The hound skeleton bites you but does no damage.
Unknown command.
You take 22 damage, and have 19/56 hp.
MASSIVE DAMAGE!!
You hit the ogre but do no damage.
The ogre is severely wounded.
Your shield prevents you from hitting the hound skeleton.
The hound skeleton barely misses you. The ogre hits you with a +0 giant club!
* * * LOW HITPOINT WARNING * * *
You focus on the pain.
You feel very mighty all of a sudden.
You take 16 damage, and have 3/56 hp.
MASSIVE DAMAGE!!
It was a potion of ambrosia.
You are confused.
You feel invigorated.
The hound skeleton bites you but does no damage.
The ogre hits you with a +0 giant club!
You die...

#############
#.#.#...#.#.#
##.#.....#.##
#.#..#.#..#.#
##†.##)##..##
#..##...##..#
#.##.....##.#
#.@##...##..#
##OZ##.##..##
.#..###..#.#
## #..#..#.##
#...#.#.#
##.###### #.#
#.#
#.##########.


You could see an ogre and a hound skeleton.

Vanquished Creatures
  Edmund (D:4)
  An ogre (D:4)
  A scorpion (D:4)
  A howler monkey (D:4)
  An orc wizard (D:3)
  2 orc priests
  Crazy Yiuf (D:3)
  Jessica (D:3)
  Ijyb (D:3)
  Natasha (thrice) (D:2)
  2 worker ants
  Robin (D:2)
  7 adders
  An adder skeleton (D:4)
  3 worms
  A dart slug (D:1)
  4 leopard geckos
  7 orcs
  A ball python (D:3)
  8 bats
  A bat zombie (D:1)
  8 giant cockroaches
  18 goblins
  5 hobgoblins
  9 kobolds
  A quokka (D:4)
  6 frilled lizards
  A giant cockroach zombie (D:1)
  A leopard gecko skeleton (D:4)
  11 rats
109 creatures vanquished.

Notes
Turn   | Place    | Note
-------+----------+-------------------------------------------
     0 | D:1      | kaeus the Demonspawn Fighter began the quest for the Orb.
     0 | D:1      | Reached XP level 1. HP: 18/18 MP: 1/1
   203 | D:1      | Gained mutation: You sometimes gain a little power by
                  | taking damage. [demonic ancestry]
   203 | D:1      | Reached XP level 2. HP: 24/24 MP: 2/2
   742 | D:1      | Reached XP level 3. HP: 29/29 MP: 3/3
  1343 | D:2      | Noticed Natasha
  1352 | D:2      | Killed Natasha
  1353 | D:2      | Gained mutation: You have sharp fingernails. [demonic
                  | ancestry]
  1353 | D:2      | Reached XP level 4. HP: 18/36 MP: 4/4
  1927 | D:2      | Noticed Natasha
  1933 | D:2      | Killed Natasha
  3048 | D:2      | Noticed Natasha
  3059 | D:2      | Killed Natasha
  3060 | D:2      | Reached XP level 5. HP: 29/42 MP: 5/5
  3171 | D:3      | Noticed Ijyb
  3182 | D:3      | Killed Ijyb
  3183 | D:3      | Reached skill level 4 in Fighting
  3204 | D:3      | Noticed Robin
  3256 | D:2      | Killed Robin
  3918 | D:3      | Reached XP level 6. HP: 33/48 MP: 6/6
  4360 | D:3      | Found a basalt altar of Yredelemnul.
  4360 | D:3      | Found a glowing silver altar of Zin.
  4361 | D:3      | Found a shimmering altar of Xom.
  4588 | D:3      | Noticed Jessica
  4600 | D:3      | Killed Jessica
  4821 | D:3      | Found a runed translucent door.
  4822 | D:3      | Noticed Crazy Yiuf
  4971 | D:3      | Killed Crazy Yiuf
  5226 | D:4      | Noticed Edmund
  5241 | D:4      | Killed Edmund
  5242 | D:4      | Reached XP level 7. HP: 33/55 MP: 7/7
  5395 | D:4      | Found a hide-covered altar of Uskayaw.
  5834 | D:4      | Found a shimmering altar of Xom.
  5854 | D:4      | Reached skill level 5 in Fighting
  6027 | D:4      | Slain by an ogre

Illustrated notes

Levels and vault maps discovered:
D:1:      saegor_arrival_fortress, layout_rooms
D:2:      layout_loops_cross, uniq_natasha
D:3:      layout_rooms, chequers_temple_overflow_statue_of_worship, uniq_ijyb,
          uniq_crazy_yiuf_cottage, uniq_jessica, uniq_robin
D:4:      minmay_diamond_boxcup, layout_basic, kennysheep_mini, minitemple,
          serial_corexii_hall, corexii_hall_statues_l, corexii_hall_statues_t,
          xom_teletrap_fun, uniq_edmund

Skill      XL: |  1  2  3  4  5  6  7 |
---------------+----------------------+-----
Axes           | 2 3 4 |  4.1
Armour         | 3 4 |  4.6
Shields        | 3 4 |  4.7
Fighting       | 4 5 |  5.1

Action                   |  1- 3 |  4- 6 |  7- 9 || total
-------------------------+-------+-------+-------++-------
Melee: War axe           |   135 |   221 |    32 ||   388
       Staff             |       |       |    14 ||    14
  Use: Potion            |       |       |     1 ||     1
Armor: Scale mail        |    85 |   112 |    14 ||   211
Dodge: Dodged            |    46 |    71 |    14 ||   131
Block: Kite shield       |    68 |   118 |    17 ||   203
